 Dungeon Crawl Stone Soup version 0.21-a0-450-gd87a9b2 (webtiles) character file.

25 slep the Skirmisher (level 2, 0/24 HPs)
             Began as a Demonspawn Monk on Nov 19, 2017.
             Slain by a hobgoblin (5 damage)
             ... on level 2 of the Dungeon.
             The game lasted 00:02:07 (485 turns).

slep the Skirmisher (Demonspawn Monk)                Turns: 485, Time: 00:02:08

Health: 0/24       AC:  4    Str: 11    XL:     2   Next: 82%
Magic:  2/2        EV: 13    Int: 11    God:
Gold:   16         SH:  0    Dex: 15    Spells: 1/1 levels left

rFire    . . .     SeeInvis .   j - -3 whip (curse)
rCold    . . .     Gourm    .   (no shield)
rNeg     . . .     Faith    .   l - +0 leather armour
rPois    .         Spirit   .   (no helmet)
rElec    .         Reflect  .   (no cloak)
rCorr    .         Harm     .   (no gloves)
MR       .....                  (no boots)
Stlth    ++........             (no amulet)
HPRegen  0.08/turn              (no ring)
MPRegen  0.08/turn              (no ring)

@: no status effects
A: rugged brown scales 1
a: no special abilities


You were on level 2 of the Dungeon.
You were not hungry.

You visited 1 branch of the dungeon, and saw 2 of its levels.

You collected 16 gold pieces.

Inventory:

Hand Weapons
 a - a +0 falchion
 j - a cursed -3 whip (weapon)
 k - a +0 mace
Missiles
 i - 5 needles of sleeping
Armour
 b - a +0 robe
 l - a +0 leather armour (worn)
Scrolls
 g - a scroll of remove curse {unknown}
Potions
 d - 3 potions of degeneration {unknown}
 e - a potion of flight {unknown}
 h - 2 potions of curing {unknown}
Comestibles
 c - 2 bread rations
 f - a fruit


   Skills:
 + Level 3.2 Fighting
 + Level 3.1 Long Blades
 + Level 0.1 Maces & Flails
 + Level 3.0 Dodging
 + Level 1.8 Stealth


You had one spell level left.
You didn't know any spells.

Dungeon Overview and Level Annotations

Branches:
Dungeon (2/15)

Altars:


Innate Abilities, Weirdness & Mutations

You are partially covered in rugged brown scales. (AC +1, +3% HP)


Message History

The hobgoblin barely misses you.
You hit the hobgoblin but do no damage.
The hobgoblin is heavily wounded.
The hobgoblin hits you.
* * * LOW HITPOINT WARNING * * *
You hit the hobgoblin.
The hobgoblin is almost dead.
The hobgoblin hits you.
* * * LOW HITPOINT WARNING * * *
You hit the hobgoblin but do no damage.
The hobgoblin is almost dead.
The hobgoblin hits you but does no damage.
You hit the hobgoblin but do no damage.
The hobgoblin is almost dead.
The hobgoblin barely misses you.
A jackal comes into view.
You barely miss the hobgoblin.
The hobgoblin is almost dead.
The hobgoblin hits you.
You die...

.############
............##.
#.........
#h####.##. #.#
######.# ...##g#
#########.##@#
#............#
#####.#######.####
#...#.# #...
#...#.# #####
#.....## .......#
.......# .......#


You could see a jackal (wandering) and a hobgoblin.

Vanquished Creatures
  2 oozes
  A giant cockroach (D:1)
  2 goblins (D:1)
  2 hobgoblins
  3 kobolds
  2 bats (D:1)
  4 rats (D:1)
16 creatures vanquished.

Notes
Turn   | Place    | Note
-------+----------+-------------------------------------------
     0 | D:1      | slep the Demonspawn Monk began the quest for the Orb.
     0 | D:1      | Reached XP level 1. HP: 18/18 MP: 1/1
   160 | D:1      | Gained mutation: You are partially covered in rugged brown scales. (AC +1, +3% HP) [demonic ancestry]
   160 | D:1      | Reached XP level 2. HP: 11/24 MP: 2/2
   485 | D:2      | Slain by a hobgoblin

Vault maps used:
D:1:      dpeg_arrival_shelter
D:2:      kennysheep_another_room, nicolae_ru_the_path_less_chosen, uniq_natasha

Skill      XL: |  1  2 |
---------------+-------+-----
Long Blades    | 3 |  3.1
Dodging        | 3 |  3.0
Fighting       | |  3.2
Maces & Flails | |  0.1
Stealth        | |  1.8

Action                   || total
-------------------------++-------
Melee: Falchion          ||    22
       Whip              ||    46
 Stab: Sleeping          ||     2
Armor: Robe              ||     9
       Leather armour    ||     2
Dodge: Dodged            ||    47
       Rpst.: Falchion   ||     5

Table legend:
 A = Spawn XP
 B = Non-spawn XP
 C = Spawn XP percentage of total XP
 D = Spawn monster count
 E = Non-spawn monster count
 F = Spawn count percentage of total count
 G = Total turns spent on level
                    A         B        C        D         E        F      G
               +---------+---------+-------+---------+---------+-------+---------
         Total |       0 |      36 |   0.0 |       0 |      16 |   0.0 |   485
               +---------+---------+-------+---------+---------+-------+---------
           D:1 |       0 |      26 |   0.0 |       0 |      13 |   0.0 |   400
           D:2 |       0 |      10 |   0.0 |       0 |       3 |   0.0 |    85
               +---------+---------+-------+---------+---------+-------+---------
